 Dungeon Crawl Stone Soup version 0.20.1-2-g1830e616b0 (webtiles) character file.

121 Alfie the Shooter (level 5, -4/39 HPs)
             Began as a Human Hunter on Feb 3, 2020.
             Killed by divine providence
             ... invoked by an orc priest
              (12 damage)
             ... on level 3 of the Dungeon.
             The game lasted 00:05:00 (1494 turns).

Alfie the Shooter (Human Hunter)                    Turns: 1494, Time: 00:05:02

Health: -4/39      AC:  3    Str: 13    XL:     5   Next: 26%
Magic:  5/5        EV: 12    Int: 12    God:
Gold:   130        SH:  0    Dex: 13    Spells: 4/4 levels left

rFire    . . .     SeeInvis .   a - +2 shortbow
rCold    . . .     Gourm    .   (shield currently unavailable)
rNeg     . . .     Faith    .   c - +0 leather armour
rPois    .         Spirit   .   (no helmet)
rElec    .         Reflect  .   (no cloak)
rCorr    .         Harm     .   (no gloves)
MR       .....                  (no boots)
Stlth    +.........             (no amulet)
Regen    0.2/turn               (no ring)
MPRegen  0.1/turn               (no ring)

@: lethally poisoned (-4 -> -5)
A: no striking features
a: no special abilities


You were on level 3 of the Dungeon.
You were not hungry.

You visited 1 branch of the dungeon, and saw 3 of its levels.

You collected 130 gold pieces.

Inventory:

Hand Weapons
 a - a +2 shortbow (weapon)
 b - a +1 short sword
Missiles
 d - 28 arrows (quivered)
Armour
 c - a +0 leather armour (worn)
 h - a +0 pair of gloves
 m - a +0 cloak
 n - a cursed +0 leather armour
Scrolls
 e - 3 scrolls of teleportation
Potions
 i - a potion of might {unknown}
 j - 2 potions of lignification {unknown}
 k - a potion of curing {unknown}
 l - a potion of degeneration {unknown}
 p - a potion of berserk rage {unknown}
Comestibles
 f - a bread ration
 g - 6 fruits


   Skills:
 + Level 2.4 Fighting
 + Level 5.7 Bows
 + Level 1.0 Armour
 + Level 2.2 Dodging
 + Level 1.2 Stealth


You had 4 spell levels left.
You didn't know any spells.

Dungeon Overview and Level Annotations

Branches:
Dungeon (3/15)

Altars:
Fedhas


Message History

Aim: an orc priest, wielding a whip You shoot an arrow.
The arrow hits the orc priest.
The orc priest is moderately wounded.
You feel sick. The orc priest misses you.
Firing (i - inventory):
d - 30 arrows (quivered)
Press: ? - help, Shift-Dir - straight line, f/p - orc priest
Aim: an orc priest, wielding a whip (moderately wounded)
You shoot an arrow. The arrow hits the orc priest!
The orc priest is almost dead.
The orc priest closely misses you.
Firing (i - inventory):
d - 29 arrows (quivered)
Press: ? - help, Shift-Dir - straight line, f/p - orc priest
Aim: an orc priest, wielding a whip (almost dead)
You shoot an arrow.
The arrow closely misses the orc priest.
The arrow hits the orc.
The orc is heavily wounded.
The orc priest invokes the aid of Beogh against you.
Beogh smites you!
You die...

### ... ..# #..
%.. #.# #.# .. ..#
#.# .. #.# #.# .#
#.######.##### .#
#............#
.####.######.###.#
...<.........# #@#
####.######### #o#
####.# #o# .....#
#..o(.(.# .#####
#o#####.# .# #(#
.# ### .# ##


You could see an orc priest and an orc.

Vanquished Creatures
  An orc wizard (D:3)
  Robin (D:2)
  3 adders
  A dart slug (D:2)
  A leopard gecko (D:2)
  2 orcs (D:3)
  5 bats (D:2)
  17 goblins
  5 hobgoblins
  6 jackals
  2 kobolds
  3 rats
47 creatures vanquished.

Notes
Turn   | Place    | Note
-------+----------+-------------------------------------------
     0 | D:1      | Alfie the Human Hunter began the quest for the Orb.
     0 | D:1      | Reached XP level 1. HP: 16/16 MP: 1/1
   401 | D:1      | Reached XP level 2. HP: 22/22 MP: 2/2
   694 | D:2      | Found a blossoming altar of Fedhas.
   752 | D:2      | Reached XP level 3. HP: 26/27 MP: 3/3
   917 | D:2      | Noticed Robin
   934 | D:2      | Killed Robin
   934 | D:2      | Reached skill level 5 in Bows
   934 | D:2      | Reached XP level 4. HP: 27/33 MP: 4/4
  1482 | D:3      | Reached skill level 1 in Armour
  1489 | D:3      | Reached XP level 5. HP: 14/39 MP: 5/5
  1494 | D:3      | Killed from afar by an orc priest

Skill      XL: |  1  2  3  4 |
---------------+-------------+-----
Bows           | 5 |  5.7
Armour         | 1 |  1.0
Fighting       | |  2.4
Dodging        | |  2.2
Stealth        | |  1.2

Action                   |  1- 3 |  4- 6 || total
-------------------------+-------+-------++-------
 Fire: Shortbow          |    68 |    72 ||   140
  Use: Scroll            |     5 |       ||     5
  Eat: Royal jelly       |       |     1 ||     1
Armor: Leather armour    |     5 |     1 ||     6
Dodge: Dodged            |    34 |    21 ||    55
